[ PARTIDA AOE2 · #478598268 ]
Team RMBorgoñones vs Aztecs
[ ANÁLISIS DE REPETICIÓN · EXTRAÍDO DE LA PARTIDA GRABADA ]
Feudal
10:33
Castillos
20:02
Imperial
—
| APM promedio | 42.0 |
| APM pico | 71 |
| eAPM promedio | 19.7 |
| Aldeanos / militares | 60 / 11 |
Foco
⚔️ 31.2% · 🌾 68.8%
Coustillier ×6 · Petard ×3 · Mangonel ×1 · Scorpion ×1
Feudal
10:33
Castillos
14:46
Imperial
29:21
| APM promedio | 39.7 |
| APM pico | 99 |
| eAPM promedio | 23.3 |
| Aldeanos / militares | 151 / 3 |
Foco
⚔️ 23.8% · 🌾 76.2%
Monk ×3
Feudal
10:38
Castillos
14:10
Imperial
—
| APM promedio | 43.1 |
| APM pico | 79 |
| eAPM promedio | 20.6 |
| Aldeanos / militares | 85 / 6 |
Foco
⚔️ 33.7% · 🌾 66.3%
Scorpion ×4 · Mangonel ×2
Feudal
7:20
Castillos
27:24
Imperial
—
| APM promedio | 60.8 |
| APM pico | 113 |
| eAPM promedio | 30.6 |
| Aldeanos / militares | 64 / 5 |
Foco
⚔️ 44.4% · 🌾 55.6%
Spearman ×5 · Unknown (2550) ×2
Feudal
11:04
Castillos
14:42
Imperial
—
| APM promedio | 40.8 |
| APM pico | 79 |
| eAPM promedio | 21.3 |
| Aldeanos / militares | 77 / 32 |
Foco
⚔️ 53.7% · 🌾 46.3%
Knight ×27 · Scout Cavalry ×5
Feudal
8:05
Castillos
—
Imperial
—
| APM promedio | 57.9 |
| APM pico | 89 |
| eAPM promedio | 30.2 |
| Aldeanos / militares | 104 / 66 |
Foco
⚔️ 32.3% · 🌾 67.7%
Spearman ×38 · Scout Cavalry ×18 · Battering Ram ×10
Mapa de la partida
Recursos iniciales + cada clic de construcción. Líneas = muros · curvas = relieve. ◆ oro · ⬟ piedra · ● bayas · ✦ reliquia · ◌ hueco del cierre
Tu base· ✓ Cerrada en 20:02 · 29t muro · 3 puerta(s)
Base de HR V8ryge· ✓ Cerrada en 14:46 · 0t muro · 2 puerta(s)
Base de Davve02· ✓ Cerrada en 14:10 · 0t muro · 3 puerta(s)
Base de HR | Sobek· ✓ Cerrada en 27:24 · 17t muro · 3 puerta(s)
Base de PaLikaRi· ✓ Cerrada en 14:42 · 0t muro · 2 puerta(s)
Base de HR Whitecourt· ✓ Cerrada en 12:00 · 0t muro · 3 puerta(s)
Terreno inicial suavizado · ◌ = hueco del cierre detectado · pasá el cursor para detalles
Inputs por minuto
— Mystic - - HR V8ryge
Build order — Mystic
138 acciones detectadas en el replay
| 0:00 | Crear | Villager (Male) |
| 0:01 | Crear | Villager (Male) |
| 0:01 | Crear | Villager (Male) |
| 0:01 | Crear | Villager (Male) |
| 0:02 | Construir | House |
| 0:03 | Construir | House |
| 1:36 | Crear | Villager (Male) |
| 1:44 | Construir | Lumber Camp |
| 1:55 | Crear | Villager (Male) |
| 2:26 | Crear | Villager (Male) |
| 2:35 | Investigar | Double-Bit Axe |
| 2:35 | Investigar | Double-Bit Axe |
| 2:58 | Crear | Villager (Male) |
| 3:19 | Crear | Villager (Male) |
| 3:44 | Crear | Villager (Male) |
| 3:50 | Construir | House |
| 4:09 | Crear | Villager (Male) |
| 4:25 | Construir | House |
| 4:33 | Crear | Villager (Male) |
| 4:41 | Construir | Mill |
| 4:57 | Crear | Villager (Male) |
| 5:27 | Crear | Villager (Male) |
| 5:41 | Crear | Villager (Male) |
| 6:00 | Crear | Villager (Male) |
| 6:19 | Crear | Villager (Male) |
| 7:07 | Crear | Villager (Male) |
| 7:32 | Crear | Villager (Male) |
| 7:41 | Investigar | Loom |
| 7:41 | Crear | Villager (Male) |
| 7:55 | Construir | Palisade Wall |
| 8:06 | Construir | Palisade Wall |
| 8:15 | Construir | Palisade Wall |
| 8:17 | Construir | Palisade Wall |
| 8:22 | Investigar | Feudal Age |
| 8:27 | Construir | Mining Camp |
| 8:52 | Construir | Palisade Wall |
| 8:59 | Construir | Palisade Wall |
| 9:56 | Construir | Palisade Wall |
| 10:01 | Crear | Villager (Male) |
| 10:01 | Crear | Villager (Male) |
| 10:25 | Construir | House |
| 10:33 | Edad | Edad Feudal |
| 10:51 | Construir | Market |
| 11:02 | Construir | Blacksmith |
| 11:11 | Crear | Villager (Male) |
| 11:16 | Crear | Villager (Male) |
| 11:31 | Construir | House |
| 11:45 | Crear | Villager (Male) |
| 12:16 | Crear | Villager (Male) |
| 12:39 | Construir | Farm |
| 12:41 | Construir | Farm |
| 12:48 | Crear | Villager (Male) |
| 13:07 | Crear | Villager (Male) |
| 13:09 | Construir | Mining Camp |
| 13:18 | Construir | Watch Tower |
| 13:54 | Crear | Villager (Male) |
| 13:55 | Crear | Villager (Male) |
| 13:58 | Construir | Farm |
| 14:13 | Construir | Farm |
| 14:21 | Construir | House |
| 14:35 | Crear | Villager (Male) |
| 14:47 | Crear | Villager (Male) |
| 15:05 | Construir | Farm |
| 15:07 | Construir | Farm |
| 15:07 | Construir | Farm |
| 15:18 | Construir | House |
| 15:33 | Construir | House |
| 15:40 | Crear | Villager (Male) |
| 15:40 | Crear | Villager (Male) |
| 17:22 | Investigar | Castle Age |
| 18:25 | Investigar | Fletching |
| 19:42 | Investigar | Bow Saw |
| 19:42 | Investigar | Bow Saw |
| 20:02 | Edad | Edad de los Castillos |
| 20:05 | Construir | Siege Workshop |
| 20:09 | Crear | Villager (Male) |
| 20:24 | Crear | Villager (Male) |
| 20:38 | Construir | Palisade Wall |
| 20:47 | Crear | Mangonel |
| 21:01 | Construir | Palisade Wall |
| 21:03 | Construir | House |
| 21:05 | Construir | House |
| 21:08 | Crear | Villager (Male) |
| 21:19 | Crear | Villager (Male) |
| 21:42 | Crear | Villager (Male) |
| 22:05 | Construir | Castle |
| 23:38 | Crear | Villager (Male) |
| 24:03 | Construir | Town Center |
| 24:28 | Crear | Villager (Male) |
| 24:29 | Crear | Coustillier |
| 24:52 | Crear | Villager (Male) |
| 24:55 | Construir | Farm |
| 24:56 | Construir | Farm |
| 24:58 | Construir | Farm |
| 25:24 | Crear | Villager (Male) |
| 25:25 | Crear | Villager (Male) |
| 25:52 | Construir | Farm |
| 25:53 | Construir | Farm |
| 26:02 | Crear | Villager (Male) |
| 26:10 | Construir | Farm |
| 26:11 | Construir | Farm |
| 26:12 | Construir | Farm |
| 26:17 | Crear | Villager (Male) |
| 26:19 | Construir | Farm |
| 26:20 | Construir | Farm |
| 26:36 | Construir | Lumber Camp |
| 26:51 | Crear | Coustillier |
| 26:57 | Crear | Villager (Male) |
| 27:06 | Construir | Farm |
| 27:15 | Crear | Villager (Male) |
| 27:24 | Crear | Villager (Male) |
| 27:35 | Crear | Scorpion |
| 27:38 | Crear | Villager (Male) |
| 27:38 | Crear | Villager (Male) |
| 27:50 | Crear | Villager (Male) |
| 27:57 | Crear | Petard |
| 27:57 | Crear | Petard |
| 28:03 | Construir | Farm |
| 28:04 | Construir | Farm |
| 28:04 | Construir | Farm |
| 28:06 | Crear | Coustillier |
| 28:17 | Crear | Petard |
| 28:24 | Crear | Coustillier |
| 28:25 | Crear | Villager (Male) |
| 28:25 | Crear | Villager (Male) |
| 28:36 | Crear | Villager (Male) |
| 28:39 | Construir | Farm |
| 28:40 | Construir | Farm |
| 28:41 | Construir | Farm |
| 28:42 | Construir | Farm |
| 28:45 | Crear | Villager (Male) |
| 28:55 | Crear | Coustillier |
| 28:57 | Crear | Villager (Male) |
| 28:57 | Crear | Villager (Male) |
| 29:06 | Construir | Farm |
| 29:13 | Crear | Villager (Male) |
| 29:26 | Crear | Coustillier |
| 29:28 | Crear | Villager (Male) |
Build order — HR V8ryge
Primeras 150 de 284 acciones detectadas
| 0:01 | Crear | Villager (Male) |
| 0:01 | Crear | Villager (Male) |
| 0:02 | Crear | Villager (Male) |
| 0:02 | Crear | Villager (Male) |
| 0:03 | Construir | House |
| 0:04 | Construir | House |
| 1:23 | Crear | Villager (Male) |
| 1:23 | Crear | Villager (Male) |
| 1:38 | Crear | Villager (Male) |
| 1:39 | Crear | Villager (Male) |
| 1:52 | Construir | Lumber Camp |
| 2:12 | Crear | Villager (Male) |
| 2:12 | Crear | Villager (Male) |
| 2:29 | Crear | Villager (Male) |
| 2:29 | Crear | Villager (Male) |
| 3:05 | Construir | House |
| 3:05 | Construir | House |
| 3:17 | Crear | Villager (Male) |
| 3:17 | Crear | Villager (Male) |
| 3:22 | Construir | House |
| 3:25 | Crear | Villager (Male) |
| 3:25 | Crear | Villager (Male) |
| 4:04 | Crear | Villager (Male) |
| 4:04 | Crear | Villager (Male) |
| 4:17 | Crear | Villager (Male) |
| 4:53 | Crear | Villager (Male) |
| 4:54 | Crear | Villager (Male) |
| 5:39 | Construir | Mill |
| 5:53 | Crear | Villager (Male) |
| 5:54 | Crear | Villager (Male) |
| 5:59 | Crear | Villager (Male) |
| 5:59 | Crear | Villager (Male) |
| 6:31 | Construir | Farm |
| 6:32 | Construir | Farm |
| 6:34 | Construir | Farm |
| 6:49 | Crear | Villager (Male) |
| 6:50 | Crear | Villager (Male) |
| 7:25 | Construir | Mining Camp |
| 7:40 | Crear | Villager (Male) |
| 8:10 | Construir | Farm |
| 8:12 | Investigar | Feudal Age |
| 9:46 | Crear | Villager (Male) |
| 9:46 | Crear | Villager (Male) |
| 10:33 | Edad | Edad Feudal |
| 10:38 | Construir | Market |
| 11:19 | Construir | Blacksmith |
| 11:26 | Crear | Villager (Male) |
| 12:06 | Investigar | Castle Age |
| 12:39 | Investigar | Double-Bit Axe |
| 12:43 | Investigar | Horse Collar |
| 12:44 | Investigar | Horse Collar |
| 14:35 | Construir | Farm |
| 14:46 | Edad | Edad de los Castillos |
| 14:53 | Construir | Town Center |
| 14:54 | Crear | Villager (Male) |
| 14:59 | Construir | Farm |
| 15:01 | Construir | Farm |
| 15:01 | Construir | Farm |
| 15:01 | Construir | Farm |
| 15:02 | Construir | Farm |
| 15:02 | Construir | Farm |
| 15:02 | Construir | Farm |
| 15:04 | Crear | Villager (Male) |
| 15:25 | Crear | Villager (Male) |
| 15:26 | Construir | Farm |
| 15:39 | Construir | Farm |
| 15:39 | Crear | Villager (Male) |
| 15:42 | Construir | Farm |
| 15:42 | Crear | Villager (Male) |
| 15:52 | Construir | Farm |
| 15:53 | Construir | Farm |
| 15:53 | Construir | Farm |
| 15:53 | Construir | Farm |
| 16:15 | Crear | Villager (Male) |
| 16:16 | Crear | Villager (Male) |
| 16:19 | Investigar | Bow Saw |
| 16:21 | Crear | Villager (Male) |
| 16:28 | Crear | Villager (Male) |
| 16:28 | Crear | Villager (Male) |
| 16:39 | Crear | Villager (Male) |
| 16:40 | Crear | Villager (Male) |
| 16:40 | Crear | Villager (Male) |
| 16:40 | Crear | Villager (Male) |
| 16:40 | Crear | Villager (Male) |
| 16:51 | Construir | Farm |
| 16:58 | Crear | Villager (Male) |
| 16:59 | Crear | Villager (Male) |
| 16:59 | Crear | Villager (Male) |
| 17:20 | Construir | Town Center |
| 17:27 | Construir | House |
| 17:32 | Construir | Farm |
| 17:48 | Crear | Villager (Male) |
| 17:49 | Crear | Villager (Male) |
| 17:49 | Crear | Villager (Male) |
| 17:50 | Crear | Villager (Male) |
| 17:50 | Crear | Villager (Male) |
| 17:51 | Crear | Villager (Male) |
| 17:51 | Crear | Villager (Male) |
| 17:51 | Crear | Villager (Male) |
| 17:52 | Crear | Villager (Male) |
| 17:52 | Crear | Villager (Male) |
| 18:25 | Construir | Farm |
| 18:26 | Construir | Farm |
| 18:26 | Crear | Villager (Male) |
| 18:26 | Crear | Villager (Male) |
| 18:26 | Crear | Villager (Male) |
| 18:33 | Construir | House |
| 18:36 | Construir | House |
| 18:39 | Investigar | Wheelbarrow |
| 18:45 | Investigar | Heavy Plow |
| 18:54 | Crear | Villager (Male) |
| 18:54 | Crear | Villager (Male) |
| 19:02 | Construir | Monastery |
| 19:02 | Crear | Villager (Male) |
| 19:03 | Crear | Villager (Male) |
| 19:03 | Crear | Villager (Male) |
| 19:06 | Construir | Farm |
| 19:06 | Construir | Farm |
| 19:06 | Construir | Farm |
| 19:06 | Construir | Farm |
| 19:21 | Crear | Villager (Male) |
| 19:21 | Crear | Villager (Male) |
| 19:25 | Construir | Farm |
| 19:26 | Construir | Farm |
| 19:29 | Crear | Villager (Male) |
| 19:29 | Crear | Villager (Male) |
| 19:36 | Construir | House |
| 19:38 | Crear | Villager (Male) |
| 19:42 | Construir | House |
| 19:47 | Crear | Villager (Male) |
| 19:47 | Crear | Villager (Male) |
| 19:53 | Construir | Farm |
| 19:56 | Construir | Farm |
| 20:01 | Crear | Monk |
| 20:01 | Crear | Monk |
| 20:13 | Crear | Villager (Male) |
| 20:13 | Crear | Villager (Male) |
| 20:13 | Crear | Villager (Male) |
| 20:16 | Construir | Farm |
| 20:16 | Construir | Farm |
| 20:17 | Construir | Farm |
| 20:17 | Crear | Villager (Male) |
| 20:17 | Crear | Villager (Male) |
| 20:22 | Construir | House |
| 20:22 | Construir | House |
| 20:24 | Construir | House |
| 20:28 | Crear | Villager (Male) |
| 20:28 | Crear | Villager (Male) |
| 20:35 | Crear | Villager (Male) |
| 20:35 | Crear | Villager (Male) |
Build order — Davve02
Primeras 150 de 158 acciones detectadas
| 0:00 | Crear | Villager (Male) |
| 0:01 | Crear | Villager (Male) |
| 0:01 | Crear | Villager (Male) |
| 0:02 | Construir | House |
| 0:05 | Construir | House |
| 0:08 | Crear | Villager (Male) |
| 0:08 | Crear | Villager (Male) |
| 1:29 | Crear | Villager (Male) |
| 1:30 | Crear | Villager (Male) |
| 1:44 | Crear | Villager (Male) |
| 1:44 | Crear | Villager (Male) |
| 2:22 | Crear | Villager (Male) |
| 2:22 | Crear | Villager (Male) |
| 2:27 | Crear | Villager (Male) |
| 2:27 | Crear | Villager (Male) |
| 2:36 | Construir | Lumber Camp |
| 2:49 | Crear | Villager (Male) |
| 2:50 | Crear | Villager (Male) |
| 3:27 | Crear | Villager (Male) |
| 3:27 | Crear | Villager (Male) |
| 3:27 | Crear | Villager (Male) |
| 3:34 | Construir | House |
| 3:46 | Crear | Villager (Male) |
| 3:46 | Crear | Villager (Male) |
| 4:23 | Crear | Villager (Male) |
| 4:23 | Crear | Villager (Male) |
| 4:51 | Crear | Villager (Male) |
| 4:51 | Crear | Villager (Male) |
| 5:11 | Construir | House |
| 5:48 | Crear | Villager (Male) |
| 5:49 | Crear | Villager (Male) |
| 5:49 | Crear | Villager (Male) |
| 6:55 | Construir | Mill |
| 7:37 | Crear | Villager (Male) |
| 7:41 | Construir | Mining Camp |
| 8:03 | Crear | Villager (Male) |
| 8:16 | Investigar | Feudal Age |
| 9:27 | Construir | House |
| 10:28 | Crear | Villager (Male) |
| 10:29 | Crear | Villager (Male) |
| 10:38 | Edad | Edad Feudal |
| 10:41 | Construir | Market |
| 10:46 | Construir | Blacksmith |
| 11:30 | Investigar | Castle Age |
| 11:47 | Construir | Mining Camp |
| 12:12 | Investigar | Stone Mining |
| 13:03 | Investigar | Gold Mining |
| 13:26 | Investigar | Loom |
| 14:10 | Edad | Edad de los Castillos |
| 14:52 | Construir | Stone Wall |
| 15:17 | Crear | Villager (Male) |
| 15:18 | Crear | Villager (Male) |
| 15:19 | Crear | Villager (Male) |
| 15:25 | Construir | Farm |
| 16:02 | Crear | Villager (Male) |
| 16:12 | Crear | Villager (Male) |
| 16:25 | Crear | Villager (Male) |
| 16:40 | Construir | House |
| 17:15 | Construir | Mill |
| 17:15 | Construir | Farm |
| 17:15 | Construir | Farm |
| 17:16 | Construir | Farm |
| 17:16 | Construir | Farm |
| 17:16 | Construir | Farm |
| 17:16 | Construir | Farm |
| 17:17 | Construir | Farm |
| 17:17 | Construir | Farm |
| 17:17 | Construir | Farm |
| 17:17 | Construir | Farm |
| 17:18 | Construir | Farm |
| 17:18 | Construir | Farm |
| 17:30 | Construir | House |
| 18:19 | Crear | Villager (Male) |
| 18:42 | Crear | Villager (Male) |
| 18:48 | Crear | Villager (Male) |
| 19:08 | Crear | Villager (Male) |
| 19:22 | Crear | Villager (Male) |
| 19:31 | Construir | Castle |
| 20:05 | Crear | Villager (Male) |
| 20:10 | Crear | Villager (Male) |
| 20:14 | Construir | Farm |
| 20:14 | Construir | Farm |
| 20:16 | Construir | Farm |
| 20:18 | Crear | Villager (Male) |
| 21:04 | Crear | Villager (Male) |
| 21:11 | Crear | Villager (Male) |
| 21:29 | Crear | Villager (Male) |
| 21:51 | Construir | Town Center |
| 21:55 | Crear | Villager (Male) |
| 22:28 | Investigar | Horse Collar |
| 22:47 | Crear | Villager (Male) |
| 22:48 | Crear | Villager (Male) |
| 22:52 | Construir | Town Center |
| 22:57 | Crear | Villager (Male) |
| 23:01 | Crear | Villager (Male) |
| 23:02 | Crear | Villager (Male) |
| 23:15 | Crear | Villager (Male) |
| 23:15 | Crear | Villager (Male) |
| 23:25 | Construir | Farm |
| 23:26 | Construir | Farm |
| 23:28 | Crear | Villager (Male) |
| 23:28 | Crear | Villager (Male) |
| 23:32 | Construir | Farm |
| 23:38 | Crear | Villager (Male) |
| 23:38 | Crear | Villager (Male) |
| 23:41 | Construir | Farm |
| 23:58 | Construir | Stone Wall |
| 24:07 | Crear | Villager (Male) |
| 24:07 | Crear | Villager (Male) |
| 24:17 | Crear | Villager (Male) |
| 24:24 | Crear | Villager (Male) |
| 24:30 | Construir | Siege Workshop |
| 24:37 | Construir | Farm |
| 24:41 | Crear | Villager (Male) |
| 24:47 | Construir | Stone Wall |
| 25:04 | Construir | Stone Wall |
| 25:05 | Crear | Mangonel |
| 25:14 | Crear | Villager (Male) |
| 25:15 | Crear | Villager (Male) |
| 25:17 | Crear | Villager (Male) |
| 25:18 | Crear | Villager (Male) |
| 25:25 | Crear | Villager (Male) |
| 25:36 | Crear | Villager (Male) |
| 25:43 | Construir | Stone Wall |
| 25:44 | Crear | Mangonel |
| 25:46 | Crear | Villager (Male) |
| 25:46 | Crear | Villager (Male) |
| 25:48 | Construir | Stone Wall |
| 25:50 | Construir | House |
| 25:57 | Crear | Villager (Male) |
| 25:59 | Construir | House |
| 26:02 | Construir | House |
| 26:04 | Construir | House |
| 26:09 | Construir | House |
| 26:15 | Crear | Villager (Male) |
| 26:17 | Construir | Farm |
| 26:19 | Construir | Farm |
| 26:21 | Construir | Farm |
| 26:38 | Investigar | Fletching |
| 26:50 | Crear | Villager (Male) |
| 27:06 | Crear | Scorpion |
| 27:07 | Crear | Scorpion |
| 27:11 | Construir | House |
| 27:20 | Construir | House |
| 27:32 | Crear | Villager (Male) |
| 27:39 | Construir | Farm |
| 27:41 | Crear | Villager (Male) |
| 28:09 | Crear | Villager (Male) |
| 28:13 | Crear | Scorpion |
| 28:14 | Crear | Villager (Male) |
Build order — HR | Sobek
Primeras 150 de 157 acciones detectadas
| 0:00 | Crear | Villager (Male) |
| 0:01 | Crear | Villager (Male) |
| 0:02 | Construir | House |
| 0:02 | Construir | House |
| 0:13 | Crear | Villager (Male) |
| 0:13 | Crear | Villager (Male) |
| 1:19 | Crear | Villager (Male) |
| 1:20 | Crear | Villager (Male) |
| 1:54 | Crear | Villager (Male) |
| 1:56 | Crear | Villager (Male) |
| 2:21 | Crear | Villager (Male) |
| 2:38 | Crear | Villager (Male) |
| 2:56 | Crear | Villager (Male) |
| 3:23 | Crear | Villager (Male) |
| 3:23 | Crear | Villager (Male) |
| 3:23 | Crear | Villager (Male) |
| 3:29 | Construir | Settlement |
| 5:10 | Investigar | Feudal Age |
| 5:11 | Investigar | Feudal Age |
| 6:07 | Construir | Settlement |
| 6:36 | Investigar | Loom |
| 7:11 | Crear | Villager (Male) |
| 7:20 | Edad | Edad Feudal |
| 7:24 | Construir | Watch Tower |
| 7:37 | Construir | Watch Tower |
| 7:42 | Crear | Villager (Male) |
| 8:06 | Crear | Villager (Male) |
| 8:07 | Investigar | Loom |
| 8:56 | Construir | Blacksmith |
| 9:14 | Crear | Villager (Male) |
| 9:24 | Construir | Watch Tower |
| 9:57 | Investigar | Fletching |
| 9:57 | Crear | Villager (Male) |
| 10:34 | Construir | Watch Tower |
| 10:50 | Construir | Watch Tower |
| 11:11 | Crear | Villager (Male) |
| 11:44 | Crear | Villager (Male) |
| 11:59 | Construir | Palisade Wall |
| 12:00 | Construir | Palisade Wall |
| 12:02 | Construir | Palisade Wall |
| 12:05 | Construir | Palisade Wall |
| 12:06 | Construir | Palisade Wall |
| 12:10 | Crear | Villager (Male) |
| 12:18 | Construir | Palisade Wall |
| 12:20 | Construir | Palisade Wall |
| 12:34 | Crear | Villager (Male) |
| 12:35 | Crear | Villager (Male) |
| 12:56 | Crear | Villager (Male) |
| 13:12 | Construir | Watch Tower |
| 13:22 | Crear | Villager (Male) |
| 13:23 | Crear | Villager (Male) |
| 13:25 | Construir | Settlement |
| 13:38 | Construir | Outpost |
| 13:45 | Crear | Villager (Male) |
| 13:45 | Crear | Villager (Male) |
| 14:27 | Crear | Villager (Male) |
| 14:27 | Crear | Villager (Male) |
| 14:27 | Crear | Villager (Male) |
| 14:55 | Crear | Villager (Male) |
| 14:56 | Crear | Villager (Male) |
| 15:00 | Investigar | Double-Bit Axe |
| 15:05 | Construir | Watch Tower |
| 15:10 | Construir | Watch Tower |
| 15:17 | Crear | Villager (Male) |
| 15:24 | Construir | House |
| 15:29 | Crear | Villager (Male) |
| 15:29 | Crear | Villager (Male) |
| 15:52 | Crear | Villager (Male) |
| 15:52 | Crear | Villager (Male) |
| 15:53 | Construir | Farm |
| 15:56 | Construir | Farm |
| 16:07 | Construir | Outpost |
| 16:22 | Crear | Villager (Male) |
| 16:22 | Crear | Villager (Male) |
| 16:27 | Construir | Farm |
| 16:28 | Construir | Farm |
| 16:39 | Construir | Watch Tower |
| 16:43 | Crear | Villager (Male) |
| 16:43 | Crear | Villager (Male) |
| 16:46 | Construir | Farm |
| 16:49 | Construir | Farm |
| 17:08 | Construir | Palisade Wall |
| 17:10 | Construir | Palisade Wall |
| 17:11 | Construir | Palisade Wall |
| 17:12 | Crear | Villager (Male) |
| 17:12 | Crear | Villager (Male) |
| 17:29 | Construir | Farm |
| 17:30 | Construir | Farm |
| 17:31 | Crear | Villager (Male) |
| 17:31 | Crear | Villager (Male) |
| 17:59 | Construir | Palisade Wall |
| 18:03 | Crear | Villager (Male) |
| 18:19 | Crear | Villager (Male) |
| 18:26 | Crear | Villager (Male) |
| 18:37 | Construir | House |
| 18:39 | Construir | Stone Wall |
| 18:41 | Construir | Stone Wall |
| 18:42 | Construir | Stone Wall |
| 18:43 | Construir | Stone Wall |
| 19:15 | Crear | Villager (Male) |
| 19:16 | Crear | Villager (Male) |
| 19:20 | Construir | Farm |
| 19:21 | Construir | Farm |
| 19:35 | Investigar | Scale Mail Armor |
| 19:35 | Investigar | Scale Mail Armor |
| 19:36 | Crear | Villager (Male) |
| 19:47 | Construir | Barracks |
| 19:56 | Construir | Settlement |
| 20:10 | Construir | Watch Tower |
| 20:22 | Crear | Villager (Male) |
| 20:43 | Construir | Watch Tower |
| 20:53 | Crear | Villager (Male) |
| 21:06 | Crear | Spearman |
| 21:07 | Crear | Spearman |
| 21:07 | Crear | Spearman |
| 21:27 | Crear | Villager (Male) |
| 21:31 | Crear | Unit 2550 |
| 22:12 | Crear | Villager (Male) |
| 22:13 | Crear | Unit 2550 |
| 22:19 | Construir | Watch Tower |
| 22:32 | Crear | Villager (Male) |
| 22:33 | Construir | Market |
| 22:34 | Crear | Villager (Male) |
| 23:36 | Crear | Spearman |
| 23:36 | Crear | Spearman |
| 23:49 | Crear | Villager (Male) |
| 23:50 | Crear | Villager (Male) |
| 23:53 | Construir | Farm |
| 24:20 | Construir | Settlement |
| 24:32 | Construir | Watch Tower |
| 24:40 | Construir | Farm |
| 24:43 | Construir | Farm |
| 24:44 | Investigar | Castle Age |
| 24:54 | Construir | Settlement |
| 25:05 | Construir | House |
| 25:19 | Construir | Outpost |
| 25:28 | Investigar | Horse Collar |
| 25:28 | Investigar | Horse Collar |
| 26:04 | Construir | Farm |
| 26:05 | Crear | Villager (Male) |
| 26:20 | Construir | Farm |
| 26:51 | Construir | Farm |
| 26:52 | Crear | Villager (Male) |
| 27:24 | Edad | Edad de los Castillos |
| 27:34 | Construir | Settlement |
| 27:39 | Construir | Castle |
| 27:51 | Construir | Palisade Wall |
| 27:59 | Crear | Villager (Male) |
| 28:03 | Construir | Settlement |
| 28:16 | Construir | Farm |
Build order — PaLikaRi
Primeras 150 de 199 acciones detectadas
| 0:01 | Crear | Villager (Male) |
| 0:01 | Crear | Villager (Male) |
| 0:04 | Construir | House |
| 0:06 | Construir | House |
| 0:16 | Crear | Villager (Male) |
| 0:16 | Crear | Villager (Male) |
| 0:16 | Crear | Villager (Male) |
| 1:27 | Crear | Villager (Male) |
| 2:03 | Crear | Villager (Male) |
| 2:04 | Crear | Villager (Male) |
| 2:32 | Crear | Villager (Male) |
| 2:35 | Construir | Lumber Camp |
| 2:44 | Crear | Villager (Male) |
| 3:10 | Construir | House |
| 3:11 | Construir | House |
| 3:35 | Crear | Villager (Male) |
| 3:35 | Crear | Villager (Male) |
| 3:35 | Crear | Villager (Male) |
| 3:51 | Crear | Villager (Male) |
| 4:27 | Crear | Villager (Male) |
| 4:27 | Crear | Villager (Male) |
| 4:28 | Crear | Villager (Male) |
| 4:35 | Construir | Mill |
| 5:02 | Crear | Villager (Male) |
| 5:17 | Crear | Villager (Male) |
| 5:37 | Crear | Villager (Male) |
| 6:02 | Crear | Villager (Male) |
| 6:28 | Crear | Villager (Male) |
| 7:03 | Crear | Villager (Male) |
| 7:29 | Crear | Villager (Male) |
| 8:33 | Crear | Villager (Male) |
| 8:54 | Investigar | Feudal Age |
| 8:54 | Crear | Villager (Male) |
| 8:59 | Construir | Mining Camp |
| 10:46 | Construir | House |
| 11:04 | Edad | Edad Feudal |
| 11:10 | Construir | Market |
| 11:13 | Construir | Blacksmith |
| 11:19 | Crear | Villager (Male) |
| 12:02 | Investigar | Castle Age |
| 12:20 | Construir | Barracks |
| 12:23 | Investigar | Double-Bit Axe |
| 12:23 | Investigar | Horse Collar |
| 12:43 | Construir | Mining Camp |
| 13:12 | Construir | Stable |
| 13:21 | Construir | Farm |
| 13:33 | Construir | Farm |
| 13:37 | Construir | Farm |
| 13:55 | Construir | House |
| 14:00 | Construir | Farm |
| 14:13 | Crear | Villager (Male) |
| 14:17 | Crear | Scout Cavalry |
| 14:17 | Crear | Scout Cavalry |
| 14:30 | Construir | Farm |
| 14:33 | Construir | Farm |
| 14:36 | Construir | Farm |
| 14:42 | Edad | Edad de los Castillos |
| 14:44 | Construir | Farm |
| 14:57 | Construir | Farm |
| 15:04 | Crear | Villager (Male) |
| 15:06 | Crear | Scout Cavalry |
| 15:30 | Crear | Villager (Male) |
| 15:34 | Construir | Farm |
| 15:37 | Construir | Farm |
| 15:41 | Construir | Farm |
| 15:43 | Crear | Villager (Male) |
| 16:08 | Crear | Scout Cavalry |
| 16:30 | Crear | Villager (Male) |
| 16:50 | Crear | Knight |
| 16:50 | Crear | Knight |
| 16:55 | Crear | Knight |
| 17:16 | Construir | Town Center |
| 17:37 | Investigar | Bloodlines |
| 17:45 | Crear | Villager (Male) |
| 17:51 | Construir | Farm |
| 18:33 | Crear | Knight |
| 18:34 | Crear | Villager (Male) |
| 18:35 | Crear | Villager (Male) |
| 18:40 | Construir | Town Center |
| 18:52 | Crear | Villager (Male) |
| 18:52 | Crear | Villager (Male) |
| 18:54 | Construir | Farm |
| 18:55 | Construir | Farm |
| 18:55 | Construir | Farm |
| 18:55 | Construir | Farm |
| 19:42 | Crear | Knight |
| 19:42 | Crear | Villager (Male) |
| 19:42 | Crear | Villager (Male) |
| 19:51 | Crear | Villager (Male) |
| 19:53 | Crear | Villager (Male) |
| 20:02 | Construir | Farm |
| 20:03 | Construir | Farm |
| 20:38 | Crear | Knight |
| 20:39 | Crear | Villager (Male) |
| 20:40 | Crear | Villager (Male) |
| 20:43 | Crear | Villager (Male) |
| 20:44 | Crear | Villager (Male) |
| 20:50 | Construir | Farm |
| 20:57 | Construir | Farm |
| 21:07 | Crear | Villager (Male) |
| 21:10 | Crear | Villager (Male) |
| 21:27 | Crear | Villager (Male) |
| 21:29 | Construir | House |
| 21:51 | Crear | Knight |
| 21:53 | Investigar | Bow Saw |
| 21:54 | Crear | Villager (Male) |
| 21:57 | Crear | Villager (Male) |
| 22:02 | Construir | Stable |
| 22:04 | Crear | Villager (Male) |
| 22:12 | Construir | Farm |
| 22:16 | Investigar | Wheelbarrow |
| 22:25 | Construir | House |
| 22:27 | Construir | House |
| 22:56 | Investigar | Gold Mining |
| 22:58 | Investigar | Heavy Plow |
| 23:06 | Construir | House |
| 23:06 | Construir | House |
| 23:07 | Crear | Villager (Male) |
| 23:08 | Crear | Villager (Male) |
| 23:13 | Crear | Knight |
| 23:13 | Crear | Knight |
| 23:39 | Investigar | Scale Barding Armor |
| 23:59 | Investigar | Husbandry |
| 24:00 | Crear | Knight |
| 24:02 | Crear | Villager (Male) |
| 24:08 | Construir | Mill |
| 24:10 | Construir | Farm |
| 24:10 | Construir | Farm |
| 24:11 | Construir | Farm |
| 24:11 | Construir | Farm |
| 24:11 | Construir | Farm |
| 24:11 | Construir | Farm |
| 24:13 | Crear | Villager (Male) |
| 24:13 | Crear | Villager (Male) |
| 24:17 | Construir | Farm |
| 24:23 | Crear | Knight |
| 24:24 | Crear | Knight |
| 24:35 | Crear | Villager (Male) |
| 24:39 | Construir | Farm |
| 24:47 | Construir | Farm |
| 24:48 | Construir | Farm |
| 24:50 | Crear | Knight |
| 24:50 | Crear | Knight |
| 24:50 | Crear | Knight |
| 25:01 | Crear | Knight |
| 25:12 | Investigar | Forging |
| 25:16 | Construir | Farm |
| 25:19 | Construir | Farm |
| 25:20 | Crear | Knight |
| 25:20 | Crear | Knight |
Build order — HR Whitecourt
Primeras 150 de 290 acciones detectadas
| 0:01 | Crear | Villager (Male) |
| 0:02 | Construir | House |
| 0:03 | Construir | House |
| 0:13 | Crear | Villager (Male) |
| 0:14 | Crear | Villager (Male) |
| 0:14 | Crear | Villager (Male) |
| 1:32 | Crear | Villager (Male) |
| 1:46 | Construir | Lumber Camp |
| 2:01 | Crear | Villager (Male) |
| 2:19 | Crear | Villager (Male) |
| 2:19 | Crear | Villager (Male) |
| 2:40 | Crear | Villager (Male) |
| 3:14 | Crear | Villager (Male) |
| 3:31 | Crear | Villager (Male) |
| 3:49 | Construir | House |
| 3:59 | Crear | Villager (Male) |
| 4:19 | Crear | Villager (Male) |
| 4:20 | Crear | Villager (Male) |
| 4:41 | Construir | Mill |
| 4:52 | Crear | Villager (Male) |
| 5:17 | Crear | Villager (Male) |
| 5:56 | Investigar | Feudal Age |
| 5:56 | Investigar | Feudal Age |
| 6:28 | Construir | House |
| 6:28 | Construir | House |
| 6:40 | Crear | Villager (Male) |
| 8:05 | Edad | Edad Feudal |
| 8:06 | Crear | Villager (Male) |
| 8:08 | Construir | Town Center |
| 8:18 | Investigar | Double-Bit Axe |
| 8:45 | Crear | Villager (Male) |
| 9:06 | Investigar | Horse Collar |
| 9:10 | Crear | Villager (Male) |
| 9:28 | Crear | Villager (Male) |
| 9:45 | Crear | Villager (Male) |
| 9:49 | Construir | Farm |
| 9:52 | Construir | Farm |
| 9:59 | Crear | Villager (Male) |
| 9:59 | Crear | Villager (Male) |
| 10:05 | Construir | Farm |
| 10:09 | Crear | Villager (Male) |
| 10:09 | Crear | Villager (Male) |
| 10:22 | Construir | House |
| 10:32 | Crear | Villager (Male) |
| 10:32 | Crear | Villager (Male) |
| 10:33 | Crear | Villager (Male) |
| 10:53 | Construir | Farm |
| 10:56 | Crear | Villager (Male) |
| 11:10 | Construir | House |
| 11:13 | Crear | Villager (Male) |
| 11:13 | Crear | Villager (Male) |
| 11:36 | Crear | Villager (Male) |
| 11:36 | Crear | Villager (Male) |
| 11:39 | Construir | Farm |
| 11:57 | Construir | Outpost |
| 11:59 | Construir | Outpost |
| 12:07 | Crear | Villager (Male) |
| 12:07 | Crear | Villager (Male) |
| 12:10 | Construir | Farm |
| 12:17 | Construir | Farm |
| 12:22 | Construir | House |
| 12:32 | Crear | Villager (Male) |
| 12:32 | Crear | Villager (Male) |
| 12:38 | Construir | Farm |
| 12:56 | Construir | Palisade Wall |
| 12:57 | Construir | House |
| 13:05 | Crear | Villager (Male) |
| 13:05 | Crear | Villager (Male) |
| 13:10 | Construir | Farm |
| 13:11 | Construir | Farm |
| 13:24 | Investigar | Loom |
| 13:25 | Crear | Villager (Male) |
| 13:32 | Construir | Outpost |
| 13:40 | Construir | House |
| 13:53 | Crear | Villager (Male) |
| 13:53 | Crear | Villager (Male) |
| 14:02 | Construir | Market |
| 14:17 | Crear | Villager (Male) |
| 14:17 | Crear | Villager (Male) |
| 14:21 | Construir | Outpost |
| 14:33 | Construir | Farm |
| 14:36 | Construir | Farm |
| 14:39 | Construir | Blacksmith |
| 14:48 | Crear | Villager (Male) |
| 14:49 | Crear | Villager (Male) |
| 15:03 | Crear | Villager (Male) |
| 15:03 | Crear | Villager (Male) |
| 15:07 | Construir | Mining Camp |
| 15:20 | Crear | Villager (Male) |
| 15:20 | Crear | Villager (Male) |
| 15:34 | Crear | Villager (Male) |
| 15:38 | Construir | Barracks |
| 15:50 | Crear | Villager (Male) |
| 15:50 | Crear | Villager (Male) |
| 16:18 | Crear | Villager (Male) |
| 16:21 | Crear | Spearman |
| 16:21 | Crear | Spearman |
| 16:39 | Crear | Villager (Male) |
| 16:39 | Crear | Villager (Male) |
| 16:51 | Crear | Spearman |
| 16:59 | Construir | House |
| 16:59 | Construir | House |
| 17:06 | Crear | Spearman |
| 17:16 | Construir | House |
| 17:16 | Construir | House |
| 17:25 | Crear | Villager (Male) |
| 17:25 | Crear | Villager (Male) |
| 17:26 | Construir | Farm |
| 17:27 | Construir | Farm |
| 17:28 | Construir | Farm |
| 17:28 | Construir | Farm |
| 17:38 | Crear | Spearman |
| 17:42 | Investigar | Forging |
| 18:03 | Crear | Villager (Male) |
| 18:04 | Crear | Villager (Male) |
| 18:06 | Construir | Palisade Gate |
| 18:14 | Crear | Spearman |
| 18:22 | Crear | Spearman |
| 18:26 | Investigar | Scale Barding Armor |
| 18:31 | Investigar | Scale Mail Armor |
| 18:38 | Construir | Farm |
| 18:38 | Construir | Farm |
| 18:38 | Crear | Villager (Male) |
| 18:39 | Construir | Farm |
| 18:46 | Crear | Spearman |
| 18:51 | Crear | Villager (Male) |
| 18:51 | Crear | Villager (Male) |
| 19:24 | Crear | Villager (Male) |
| 19:24 | Crear | Villager (Male) |
| 19:29 | Construir | House |
| 19:30 | Construir | House |
| 19:44 | Crear | Spearman |
| 19:45 | Crear | Spearman |
| 19:46 | Crear | Spearman |
| 19:49 | Crear | Villager (Male) |
| 19:51 | Construir | Farm |
| 19:51 | Construir | Farm |
| 19:52 | Construir | Farm |
| 19:52 | Crear | Villager (Male) |
| 19:54 | Crear | Villager (Male) |
| 19:54 | Crear | Villager (Male) |
| 20:07 | Crear | Villager (Male) |
| 20:07 | Crear | Villager (Male) |
| 20:23 | Crear | Spearman |
| 20:28 | Crear | Villager (Male) |
| 20:29 | Construir | Lumber Camp |
| 20:33 | Crear | Spearman |
| 20:41 | Construir | Watch Tower |
| 20:43 | Crear | Villager (Male) |
| 20:50 | Crear | Spearman |
Cronología de la partida
| 7:20 | HR | Sobek · age_up feudal |
| 7:55 | Mystic · wall_segment Palisade Wall x7 |
| 8:05 | HR Whitecourt · age_up feudal |
| 8:06 | Mystic · wall_segment Palisade Wall x6 |
| 8:15 | Mystic · wall_segment Palisade Wall x1 |
| 8:17 | Mystic · wall_segment Palisade Wall x1 |
| 8:52 | Mystic · wall_segment Palisade Wall x5 |
| 8:59 | Mystic · wall_segment Palisade Wall x4 |
| 9:56 | Mystic · wall_segment Palisade Wall x5 |
| 10:33 | Mystic · age_up feudal |
| 10:33 | HR V8ryge · age_up feudal |
| 10:38 | Davve02 · age_up feudal |
| 11:04 | PaLikaRi · age_up feudal |
| 11:59 | HR | Sobek · wall_segment Palisade Wall x1 |
| 12:00 | HR | Sobek · wall_segment Palisade Wall x1 |
| 12:00 | PaLikaRi · first_market_sell 100 wood |
| 12:02 | HR | Sobek · wall_segment Palisade Wall x1 |
| 12:05 | HR | Sobek · wall_segment Palisade Wall x1 |
| 12:06 | HR | Sobek · wall_segment Palisade Wall x1 |
| 12:18 | HR | Sobek · wall_segment Palisade Wall x1 |
| 12:20 | PaLikaRi · first_building Barracks |
| 12:20 | HR | Sobek · wall_segment Palisade Wall x1 |
| 12:56 | HR Whitecourt · wall_segment Palisade Wall x1 |
| 13:12 | PaLikaRi · first_building Stable |
| 14:10 | Davve02 · age_up castle |
| 14:42 | PaLikaRi · age_up castle |
| 14:46 | HR V8ryge · age_up castle |
| 14:52 | Davve02 · wall_segment Stone Wall x1 |
| 15:38 | HR Whitecourt · first_building Barracks |
| 15:50 | HR V8ryge · first_market_buy 100 wood |
| 16:10 | Mystic · first_market_buy 100 food |
| 16:12 | Mystic · first_market_sell 100 stone |
| 16:46 | Davve02 · tribute_sent a jugador 1 |
| 16:46 | Davve02 · tribute_sent a jugador 2 |
| 16:46 | Davve02 · tribute_sent a jugador 4 |
| 16:46 | Davve02 · tribute_sent a jugador 5 |
| 16:46 | Davve02 · tribute_sent a jugador 6 |
| 17:08 | HR | Sobek · wall_segment Palisade Wall x1 |
| 17:10 | HR | Sobek · wall_segment Palisade Wall x1 |
| 17:11 | HR | Sobek · wall_segment Palisade Wall x1 |
| 17:34 | Davve02 · first_market_buy 100 stone |
| 17:59 | HR | Sobek · wall_segment Palisade Wall x4 |
| 18:39 | HR | Sobek · wall_segment Stone Wall x1 |
| 18:41 | HR | Sobek · wall_segment Stone Wall x1 |
| 18:42 | HR | Sobek · wall_segment Stone Wall x1 |
| 18:43 | HR | Sobek · wall_segment Stone Wall x1 |
| 19:02 | HR V8ryge · first_building Monastery |
| 19:31 | Davve02 · first_building Castle |
| 19:47 | HR | Sobek · first_building Barracks |
| 20:02 | Mystic · age_up castle |
| 20:05 | Mystic · first_building Siege Workshop |
| 20:27 | HR Whitecourt · first_market_buy 100 food |
| 20:38 | Mystic · wall_segment Palisade Wall x1 |
| 21:01 | Mystic · wall_segment Palisade Wall x1 |
| 21:38 | HR Whitecourt · wall_segment Palisade Wall x1 |
| 21:46 | Davve02 · first_market_sell 100 stone |
| 22:05 | Mystic · first_building Castle |
| 22:10 | HR Whitecourt · first_building Siege Workshop |
| 23:54 | HR | Sobek · first_market_buy 100 food |
| 23:58 | Davve02 · wall_segment Stone Wall x4 |
| 24:27 | HR Whitecourt · first_market_sell 100 stone |
| 24:30 | Davve02 · first_building Siege Workshop |
| 24:47 | HR Whitecourt · first_building Stable |
| 24:47 | Davve02 · wall_segment Stone Wall x1 |
| 25:04 | Davve02 · wall_segment Stone Wall x1 |
| 25:43 | Davve02 · wall_segment Stone Wall x1 |
| 25:48 | Davve02 · wall_segment Stone Wall x1 |
| 26:49 | HR Whitecourt · wall_segment Palisade Wall x1 |
| 26:50 | HR Whitecourt · wall_segment Palisade Wall x1 |
| 27:24 | HR | Sobek · age_up castle |
| 27:26 | HR V8ryge · first_building Barracks |
| 27:36 | PaLikaRi · wall_segment Stone Wall x5 |
| 27:39 | HR | Sobek · first_building Castle |
| 27:39 | HR V8ryge · first_building Castle |
| 27:51 | HR | Sobek · wall_segment Palisade Wall x1 |
| 29:03 | HR | Sobek · first_market_sell 100 wood |
| 29:21 | HR V8ryge · age_up imperial |
| 29:32 | Davve02 · resign |
[ ANÁLISIS IA · 1 CRÉDITO ]
¿Qué pasó realmente en esta partida?
Wolo.gg analiza cada decisión: build order, eco, micro, errores típicos por bracket. Análisis personalizado por WhatsApp o Discord en 30 segundos.
Guía civ
Borgoñones
Guía mapa
Arena
Perfil
Jugador #1966621